 Dungeon Crawl Stone Soup version 0.19-a0-1111-gcceb26a (webtiles) character file.

620 FrankyJ the Conjurer (level 7, -1/41 HPs)
             Began as a High Elf Conjurer on Aug 10, 2016.
             Was a Believer of Vehumet.
             Slain by an ice beast (9 damage)
             ... on level 5 of the Dungeon on Aug 11, 2016.
             The game lasted 00:25:15 (6511 turns).

FrankyJ the Conjurer (High Elf Conjurer)            Turns: 6511, Time: 00:25:16

Health: -1/41      AC:  3    Str:  7    XL:     7   Next: 22%
Magic:  8/17       EV: 13    Int: 21    God:    Vehumet [**....]
Gold:   228        SH:  0    Dex: 16    Spells: 5 memorised, 9 levels left

rFire  . . .     SeeInvis .     s - +2 dagger (venom)
rCold  . . .     Gourm    .     a - +0 robe
rNeg   . . .     Faith    .     (no shield)
rPois  .         Spirit   .     (no helmet)
rElec  .         Dismiss  .     (no cloak)
rCorr  .         Reflect  .     j - +0 pair of gloves
SustAt .         Harm     .     (no boots)
MR     +....                    (no amulet)
Stlth  ++........               (no ring)
                                t - ring of protection from magic

@:
A: no striking features
a: Renounce Religion


You were on level 5 of the Dungeon.
You worshipped Vehumet.
Vehumet was pleased with you.
You were not hungry.

You visited 1 branch of the dungeon, and saw 5 of its levels.

You collected 228 gold pieces.

Inventory:

Hand Weapons
 e - a +1 dagger of venom
 s - a +2 dagger of venom (weapon)
Missiles
 k - 32 poisoned needles
Armour
 a - a +0 robe (worn)
 j - a +0 pair of gloves (worn)
 p - a +2 shield of protection
Jewellery
 t - a ring of protection from magic (left hand)
Scrolls
 q - a scroll of recharging
Potions
 d - a potion of degeneration {unknown}
 i - a potion of heal wounds
 l - 2 potions of invisibility {unknown}
 m - 2 potions of curing {unknown}
 o - a potion of brilliance {unknown}
 r - a potion of lignification {unknown}
Books
 b - a book of Conjurations

   Spells                             Type                      Level
   a - Magic Dart                     Conjuration                  1
   b - Searing Ray                    Conjuration                  2
   c - Dazzling Spray                 Conjuration/Hexes            3
   d - Fulminant Prism                Conjuration/Hexes            4
   e - Iskenderun's Mystic Blast      Conjuration                  4
   f - Iskenderun's Battlesphere      Conjuration/Charms           5
 g - a book of Party Tricks

   Spells                             Type                      Level
   a - Summon Butterflies             Summoning                    1
   b - Apportation                    Translocation                1
   c - Tukima's Dance                 Hexes                        3
   d - Alistair's Intoxication        Transmutation/Poison         5
   e - Invisibility                   Hexes                        6
Comestibles
 c - 3 bread rations
 f - 2 chunks of flesh
 h - a beef jerky


   Skills:
 - Level 3.0 Dodging
 - Level 3.4 Stealth
 - Level 6.0 Spellcasting
 - Level 6.2 Conjurations
 + Level 2.8 Hexes


You had 9 spell levels left.
You knew the following spells:

 Your Spells              Type           Power        Failure   Level  Hunger
a - Magic Dart            Conj           ####         1%          1    None
b - Searing Ray           Conj           ####..       1%          2    None
c - Freeze                Ice            #...         12%         1    None
d - Fulminant Prism       Conj/Hex       ####......   17%         4    ####...
e - Sandblast             Erth           #.....       12%         1    None


Dungeon Overview and Level Annotations

Branches:
Dungeon (5/15)
 Temple: D:4-7

Altars:
Ashenzari
Dithmenos
Trog
Vehumet

Shops:
D:4 :

Annotations:
D:4 0gre's ghost, novice DsAK


Message History

Confirm with . or Enter, or press ? or * to list all spells.
Aiming: Fulminant Prism
Press: ? - help, Dir - move target cursor You conjure a prism of explosive energy!
The ice beast hits you. The ice beast freezes you!
Casting: Fulminant Prism
Confirm with . or Enter, or press ? or * to list all spells.
Aiming: Searing Ray
Press: ? - help, Shift-Dir - straight line, f - ice beast
Aim: an ice beast The searing ray hits the ice beast.
The ice beast hits you. The ice beast freezes you!
* * * LOW HITPOINT WARNING * * *
Your fulminant prism crackles loudly.
The searing ray hits the ice beast.
The ice beast is lightly wounded.
The ice beast hits you.
* * * LOW HITPOINT WARNING * * *
The ice beast freezes you!
You die...

### ..#
#.####
#*)..
#).# #(Y#
#.@#
......(.#
.######.#
#.. ####


You could see an ice beast and a friendly fulminant prism.

Vanquished Creatures
  Sigmund (D:2)
  A centaur (D:5)
  A scorpion (D:4)
  An iguana (D:3)
  3 orc wizards
  A worker ant (D:4)
  2 river rats (D:3)
  4 adders
  An ooze (D:1)
  An adder skeleton (D:4)
  4 worms
  4 dart slugs
  3 giant geckos (D:3)
  23 orcs
  7 ball pythons
  5 giant cockroaches
  7 goblins
  11 hobgoblins
  2 quokkas
  3 bats
  3 giant newts
  5 kobolds
  2 quokka skeletons (D:4)
  15 rats
110 creatures vanquished.

Vanquished Creatures (others)
  3 fulminant prisms (D:4)
3 creatures vanquished.

Grand Total: 113 creatures vanquished

Notes
Turn   | Place    | Note
-------+----------+-------------------------------------------
     0 | D:1      | FrankyJ the High Elf Conjurer began the quest for the Orb.
     0 | D:1      | Reached XP level 1. HP: 11/11 MP: 4/4
     9 | D:1      | Noticed an ogre
   355 | D:1      | Reached XP level 2. HP: 17/17 MP: 0/6
   359 | D:1      | Learned a level 2 spell: Searing Ray
   500 | D:1      | Reached skill level 5 in Conjurations
  1369 | D:2      | Reached XP level 3. HP: 21/21 MP: 4/8
  1585 | D:2      | Noticed Sigmund
  1595 | D:2      | Killed Sigmund
  1595 | D:2      | Reached XP level 4. HP: 9/27 MP: 1/10
  1595 | D:2      | Reached XP level 5. HP: 11/31 MP: 1/11
  2277 | D:3      | Found a radiant altar of Vehumet.
  2313 | D:3      | Became a worshipper of Vehumet
  2571 | D:3      | Found a shattered altar of Ashenzari.
  2736 | D:3      | Reached XP level 6. HP: 36/36 MP: 11/14
  2738 | D:3      | Reached * piety under Vehumet
  2738 | D:3      | Offered knowledge of Freeze by Vehumet.
  2741 | D:3      | Learned a level 1 spell: Freeze
  3064 | D:3      | Reached skill level 5 in Spellcasting
  3468 | D:3      | Found a bloodstained altar of Trog.
  3755 | D:4      | Noticed 0gre's ghost (novice DsAK)
  4063 | D:5      | Entered Level 5 of the Dungeon
  4595 | D:4      | Learned a level 4 spell: Fulminant Prism
  4596 | D:4      | Found Setzy's Book Emporium.
  4674 | D:3      | Reached ** piety under Vehumet
  4674 | D:3      | Offered knowledge of Sandblast by Vehumet.
  5284 | D:4      | Reached skill level 1 in Hexes
  5438 | D:3      | Learned a level 1 spell: Sandblast
  5759 | D:4      | Reached XP level 7. HP: 30/41 MP: 10/17
  6459 | D:4      | Found a shadowy altar of Dithmenos.
  6511 | D:5      | Slain by an ice beast

Vault maps used:
D:1:      evilmike_arrival_come_back
D:2:      first_bread, uniq_sigmund
D:3:      lemuel_doored_altar, marbit_many_paths, vehumet_crystals,
          portal_sewer_entry_e, serial_bayou_pond_a, grunt_ministairs_3
D:4:      lemuel_coloured_pillars_altar, serial_shops, shop
D:5:      corexii_hall_statues_i

Skill      XL: |  1  2  3  4  5  6  7 |
---------------+----------------------+-----
Conjurations   | 5 6 |  6.2
Stealth        | 3 |  3.4
Spellcasting   | 3 4 6 |  6.0
Hexes          | 1 2 |  2.8
Dodging        | 3 |  3.0

Action                   |  1- 3 |  4- 6 |  7- 9 || total
-------------------------+-------+-------+-------++-------
Melee: Short sword       |     4 |    18 |       ||    22
       Dagger            |       |    21 |    13 ||    34
 Cast: Magic Dart        |    25 |    10 |     3 ||    38
       Searing Ray       |    10 |    58 |     6 ||    74
       Freeze            |       |     8 |       ||     8
       Fulminant Prism   |       |       |     4 ||     4
  Use: Scroll            |       |     5 |     3 ||     8
       Potion            |       |     1 |       ||     1
 Stab: Sleeping          |     1 |     5 |       ||     6
  Eat: Chunk             |     2 |     8 |     2 ||    12
       Meat ration       |       |     1 |       ||     1
       Beef jerky        |       |       |     1 ||     1
Armor: Robe              |       |    12 |       ||    12
Dodge: Dodged            |     5 |    63 |    15 ||    83
